 Dungeon Crawl Stone Soup version 0.26-a0-1191-ge2a0e31ab3 (webtiles) character file.

Game seed: 16769003348103634964

198 tsouns the Stinger (level 6, -18/32 HPs)
             Began as a Kobold Venom Mage on Dec 29, 2020.
             Was an Initiate of Ashenzari.
             Killed from afar by a mummy (45 damage)
             ... with an exploding inner flame
             ... in an ossuary.
             The game lasted 00:05:59 (2875 turns).

tsouns the Stinger (Kobold Venom Mage)              Turns: 2875, Time: 00:06:00

Health: -18/32     AC:  9    Str: 11    XL:     6   Next: 6%
Magic:  11/11      EV: 15    Int: 18    God:    Ashenzari [......]
Gold:   118        SH:  0    Dex: 16    Spells: 3/12 levels left

rFire    . . .     SeeInvis .   f - +4 spear (venom)
rCold    . . .     Faith    .   (shield restricted)
rNeg     . . .     Spirit   .   b - +1 robe {Will+}
rPois    .         Reflect  .   d - +0 helmet (curse)
rElec    .         Harm     .   (no cloak)
rCorr    .         Rampage  .   (no gloves)
Will     +....                  h - +0 pair of boots
Stlth    +++.......             p - amulet of magic regeneration
HPRegen  0.10/turn              k - +4 ring of protection
MPRegen  0.37/turn              r - +6 ring of strength

@: no status effects
A: small, nightstalker 3
a: Renounce Religion, Curse Item


You were in an ossuary.
You worshipped Ashenzari.
Ashenzari was noncommittal.
You visited 1 branch of the dungeon, and saw 4 of its levels.
You also visited: Ossuary.

You collected 118 gold pieces.

Inventory:

Hand Weapons
 f - a +4 spear of venom (weapon)
Armour
 a - a +0 robe
 b - a +1 robe of willpower (worn)
 d - a cursed +0 helmet (worn)
 h - a +0 pair of boots (worn)
Jewellery
 k - a +4 ring of protection (left hand)
 p - an amulet of magic regeneration (around neck)
 r - a +6 ring of strength (right hand)
 t - an uncursed ring of poison resistance
Wands
 o - a wand of disintegration (12)
Scrolls
 e - a scroll of magic mapping
 g - a scroll of immolation
 j - a scroll of enchant weapon
 l - a scroll of noise {unknown}
 n - a scroll of teleportation {unknown}
 s - a scroll of identify {unknown}
Potions
 c - a potion of brilliance {unknown}
 i - 2 potions of cancellation {unknown}
 m - 2 potions of curing {unknown}
 q - a potion of lignification {unknown}
 u - a potion of attraction {unknown}


   Skills:
 + Level 0.0 Fighting
 + Level 0.0 Polearms
 - Level 2.4 Dodging
 - Level 2.6 Stealth
 + Level 3.7 Spellcasting
 + Level 3.1 Transmutations
 + Level 4.3 Poison Magic


You had 3 spell levels left.
You knew the following spells:

 Your Spells              Type           Power        Failure   Level
a - Sting                 Tmut/Pois      64%          3%          1
b - Poisonous Vapours     Pois/Air       22%          10%         2
c - Mephitic Cloud        Conj/Pois/Air  8%           26%         3
d - Ignite Poison         Fire/Tmut/Pois 12%          16%         3

Your spell library contained the following spells:

 Spells                   Type           Power        Failure   Level
 Olgreb's Toxic Radiance  Pois           19%          26%         4


Dungeon Overview and Level Annotations

Branches:
Dungeon (6/15)            Ossuary (1/1)
 Temple: D:4-7

Altars:
Ashenzari
Cheibriados
Trog


Innate Abilities, Weirdness & Mutations

You are small and have problems with some larger weapons.
You are completely attuned to the shadows.


Message History

As you read the scroll labelled NICIUZ GAOSEUN, it crumbles to dust.
You feel aware of your surroundings.
You sensed 1 shop/portal.
It was a scroll of magic mapping.
As you read the scroll labelled VOYXIW CEOSU, it crumbles to dust.
The creatures around you are filled with an inner flame!
It was a scroll of immolation.
The mummy barely misses you.
As you read the scroll labelled RAIPRY GE UTI, it crumbles to dust.
It is a scroll of enchant weapon.
Your +3 spear of venom glows red for a moment.
The mummy completely misses you.
Unknown command.
Okay, then.
You hit the mummy.
Flame seeps out of the mummy.
The mummy is moderately damaged.
The mummy is engulfed in blazing flames.
The mummy explodes!
The fiery explosion engulfs the mummy!!!
The mummy is burned terribly!
The fiery explosion engulfs you!!!
Ouch! That really hurt!
You die...

**,,,^,**
*,,,,,,,*
**,,,,,**
*,,^,,,,*
*#...^.#*
#^....#
#.....#
#..∩..#
#§.@..#
#§○§M.#
#§§§..#
#.....#
#.....#
#.....#
##...##
*####


You could see a mummy (inner flame).

Vanquished Creatures
  A hound (D:6)
  2 orc wizards (D:6)
  A worker ant (D:2)
  2 mummies (Ossuary)
  A gnoll (D:1)
  An adder (D:2)
  An ooze (D:3)
  A worm (D:3)
  A dart slug (D:3)
  2 leopard geckos
  5 orcs
  4 bats
  3 giant cockroaches
  5 hobgoblins
  4 jackals (D:3)
  5 kobolds
  A quokka (D:2)
  A ball python (D:2)
  8 frilled lizards
  5 goblins
  A jackal skeleton (D:6)
  5 rats
60 creatures vanquished.

Notes
Turn   | Place    | Note
-------+----------+-------------------------------------------
     0 | D:1      | tsouns the Kobold Venom Mage began the quest for the Orb.
     0 | D:1      | Reached XP level 1. HP: 10/10 MP: 3/3
   235 | D:1      | Reached XP level 2. HP: 15/15 MP: 3/5
   688 | D:1      | Learned a level 2 spell: Poisonous Vapours
   735 | D:1      | Reached XP level 3. HP: 19/19 MP: 2/6
  1668 | D:2      | Found a bloodstained altar of Trog.
  1889 | D:2      | Reached XP level 4. HP: 24/24 MP: 5/8
  2572 | D:3      | Reached XP level 5. HP: 28/28 MP: 7/9
  2641 | D:3      | Reached skill level 4 in Poison Magic
  2744 | D:3      | Found a snail-covered altar of Cheibriados.
  2782 | D:3      | You fall into a shaft and drop 3 floors!
  2802 | D:6      | Reached XP level 6. HP: 20/32 MP: 2/11
  2804 | D:6      | Found a broken altar of Ashenzari.
  2809 | D:6      | Became a worshipper of Ashenzari the Shackled
  2849 | D:6      | Found a sand-covered staircase.
  2858 | D:6      | Learned a level 3 spell: Mephitic Cloud
  2862 | D:6      | Learned a level 3 spell: Ignite Poison
  2863 | Ossuary  | Entered an ossuary
  2875 | Ossuary  | Killed from afar by a mummy

Illustrated notes

Levels and vault maps discovered:
D:1:      lightli_arrival_quake, layout_basic
D:2:      layout_loops_corners, bloody_trog, chequers_serial_rivers_large_a,
          kennysheep_generic_room_6
D:3:      layout_basic, kennysheep_slug_shrine
D:6:      layout_cave_pools, lightli_ossuary_entry_decrepit_ruins,
          evilmike_ruin_ashenzari
Ossuary:  ossuary_the_hunt_dpeg

Skill      XL: |  1  2  3  4  5 |
---------------+----------------+-----
Transmutations | 2 3 |  3.1
Spellcasting   | 3 |  3.7
Poison Magic   | 4 |  4.3
Dodging        | |  2.4
Stealth        | |  2.6

Action                   |  1- 3 |  4- 6 || total
-------------------------+-------+-------++-------
Melee: Spear             |     9 |    21 ||    30
       Unarmed           |     2 |       ||     2
 Cast: Sting             |    31 |     9 ||    40
       Poisonous Vapours |    10 |    32 ||    42
  Use: Scroll            |       |     3 ||     3
 Stab: Sleeping          |     3 |     2 ||     5
Armor: Robe              |     3 |     5 ||     8
Dodge: Dodged            |    14 |    21 ||    35

Table legend: (Time is in decaauts)
 A = Elapsed time spent in this place.
 B = Non-inter-level travel time spent in this place.
 C = Inter-level travel time spent in this place.
 D = Time resting spent in this place.
 E = Time spent auto-exploring this place.
 F = Levels seen in this place.
 G = Mean time per level.
                   A        B        C        D        E       F      G
               +--------+--------+--------+--------+--------+-----+--------+
         Total |   2889 |   2842 |     47 |      0 |   2456 |   5 |  577.8 |
       Dungeon |   2877 |   2830 |     47 |      0 |   2456 |   4 |  719.2 |
       Ossuary |     12 |     12 |      0 |      0 |      0 |   1 |   12.0 |
               +--------+--------+--------+--------+--------+-----+--------+

Top non-repeatable levels by time:
     D:2: 1296 daAuts
     D:1: 1102 daAuts
     D:3: 396 daAuts
     D:6: 81 daAuts
 Ossuary: 12 daAuts
